 Dungeon Crawl Stone Soup version 0.15.0-13-gb296d5c (webtiles) character file.

59 MDvedh the Practitioner (level 4, -8/25 HPs)
             Began as a Gargoyle Healer on Sept 3, 2014.
             Was a Believer of Elyvilon.
             Mangled by Sigmund
             ... wielding a +0 scythe
              (10 damage)
             ... on Level 2 of the Dungeon.
             The game lasted 00:04:14 (1878 turns).

MDvedh the Practitioner (Gargoyle Healer)           Turns: 1878, Time: 00:04:14

HP  -8/25        AC  9     Str 17      XL: 4   Next:  3%
MP   6/6         EV 10     Int 17      God: Elyvilon [**....]
Gold 95          SH  0     Dex  9      Spells:  0 memorised,  3 levels left

rFire  . . .     SeeInvis .     l - +0 whip
rCold  . . .     Clarity  .     g - +0 ring mail
rNeg   + . .     rCorr    +     (no shield)
rPois  +         rRot     +     (no helmet)
rElec  +         Spirit   .     (no cloak)
SustAb +         Warding  .     (no gloves)
rMut   .         Stasis   .     (no boots)
Gourm  .                        i - amulet of resist corrosion
MR     .....                    s - +5 ring of intelligence
                                n - ring of sustain abilities

@: not resistant to hostile enchantments, extremely unstealthy
A: negative energy resistance 1, electricity resistance, unbreathing,
petrification resistance, rot immunity, AC +3
a: Lesser Healing, Lesser Self-Healing, Divine Protection, Purification,
Renounce Religion


You were on level 2 of the Dungeon.
You worshipped Elyvilon.
Elyvilon was pleased with you.
You were hungry.

You visited 1 branch of the dungeon, and saw 2 of its levels.

You collected 95 gold pieces.

Inventory:

Hand weapons
 l - a +0 whip (weapon)
Armour
 g - a +0 ring mail (worn)
Comestibles
 d - 3 bread rations
 f - a meat ration
 q - 6 fruits
Scrolls
 a - a scroll of amnesia {unknown}
 e - 4 scrolls of remove curse {unknown}
 j - a scroll of fear {unknown}
 k - 3 scrolls of identify {unknown}
 o - a scroll of noise {unknown}
 p - 2 scrolls of teleportation {unknown}
 r - a scroll of random uselessness {unknown}
 t - a scroll of immolation {unknown}
Jewellery
 i - an amulet of resist corrosion (around neck)
 n - a ring of sustain abilities (left hand)
 s - a +5 ring of intelligence (right hand)
Potions
 b - 2 potions of curing
 c - a potion of heal wounds
 h - a potion of restore abilities {unknown}
 m - 2 potions of lignification {unknown}


   Skills:
 - Level 1.1 Fighting
 + Level 2.2 Maces & Flails
 - Level 2.6 Armour
 - Level 1.5 Dodging
 - Level 3.0 Invocations


You had 3 spell levels left.
You didn't know any spells.

Dungeon Overview and Level Annotations

Branches:
Dungeon (2/15)

Altars:

Annotations:
D:2 Sigmund


Innate Abilities, Weirdness & Mutations

You are resistant to torment.
You are immune to poison.
Your stone body is very resilient (AC +3).
You resist negative energy.
You are resistant to electric shocks.
You can survive without breathing.
You are immune to petrification.
You are immune to rotting.


Message History

You are feeling hungry.
Unknown command.
The puff of flame hits you! The magic dart hits you!
* * * LOW HITPOINT WARNING * * *
Things that are here:
a kobold corpse; a hobgoblin corpse You stop butchering the corpse.
The magic dart hits you!
* * * LOW HITPOINT WARNING * * *
Magic restored.
You stop butchering the corpse.
The puff of flame misses you.
You hear some strange, mumbled words.
You stop butchering the corpse.
You are confused.
Something hits you but does no damage. Something hits you but does no damage.
Something hits you but does no damage.
You stop butchering the corpse.
You feel less confused. Something hits you!
You die...

...#................)...........
##.#.###............##.#.....#=#
##.#.###.##.#####.####># ....#.
............# #.# #.. ....
##.##.#####.# #.# #### ###
#.##.#####.# #.#
#.##.##....#####.#
#.##.##.##......[#
#.##........###@##
##.####..###.##...###.# ...#
#..###.#..........# ####
#...........###.#<
###..###.###.## ###........# ###
#..........# #.#.##..#.#### #
#.##.......####


There were no monsters in sight!

Vanquished Creatures
  A gnoll (D:1)
  A giant mite (D:2)
  A worm (D:2)
  4 giant geckos
  7 bats
  A giant cockroach (D:2)
  3 goblins
  5 hobgoblins
  6 kobolds
  A giant newt (D:1)
  3 rats
33 creatures vanquished.

Notes
Turn   | Place    | Note
--------------------------------------------------------------
     0 | D:1      | MDvedh, the Gargoyle Healer, began the quest for the Orb.
     0 | D:1      | Reached XP level 1. HP: 12/12 MP: 2/2
   247 | D:1      | Reached skill level 1 in Armour
   363 | D:1      | Reached XP level 2. HP: 16/16 MP: 3/3
   724 | D:1      | Reached XP level 3. HP: 18/20 MP: 5/5
  1012 | D:1      | Reached skill level 1 in Maces & Flails
  1302 | D:2      | Noticed Sigmund
  1847 | D:2      | Reached XP level 4. HP: 25/25 MP: 6/6
  1868 | D:2      | HP: 1/25 [something/magic dart (5)]
  1878 | D:2      | Mangled by Sigmund

Action                   |  1- 3 |  4- 6 || total
-------------------------+-------+-------++-------
Melee: Dagger            |    60 |       ||    60
       Whip              |   141 |     4 ||   145
Invok: Lesser Self-Heali |       |     1 ||     1
  Eat: Chunk             |     2 |       ||     2
       Fruit             |     1 |       ||     1
